 Dungeon Sprint DCSS version 0.26-a0-683-g5206c1d7ac (webtiles) character file.

Game seed: 4624677121658113393

444 reriks the Blocker (level 7, -6/63 HPs)
             Began as a Gnoll Fighter on Oct 22, 2020.
             Mangled by a centaur warrior (9 damage)
             ... in the Dungeon (Sprint I: "Red Sonja").
             The game lasted 00:01:42 (831 turns).

reriks the Blocker (Gnoll Fighter)                   Turns: 831, Time: 00:01:42

Health: -6/63      AC:  8    Str: 21    XL:     7   Next: 3%
Magic:  14/14      EV: 11    Int: 10    God:
Gold:   127        SH: 11    Dex: 14    Spells: 16/16 levels left

rFire    . . .     SeeInvis .   a - +0 war axe
rCold    . . .     Faith    .   c - +0 kite shield
rNeg     . . .     Spirit   .   b - +0 scale mail
rPois    .         Reflect  .   (no helmet)
rElec    .         Harm     .   k - scarf {+Inv}
rCorr    .         Rampage  .   (no gloves)
MR       .....     NoTele   +   (no boots)
Stlth    ++........             (no amulet)
HPRegen  0.20/turn              (no ring)
MPRegen  0.14/turn              (no ring)

@: very slightly contaminated, invisible
A: distributed training, fangs 1, strong nose
a: no special abilities


You were in the Dungeon.
You visited 1 branch You collected 311 gold pieces.
You spent 184 gold pieces at shops.

Inventory:

Hand Weapons
 a - a +0 war axe (weapon)
 d - a +2 scythe of distortion
Armour
 b - a +0 scale mail (worn)
 c - a +0 kite shield (worn)
 e - a +0 robe of positive energy
 k - a scarf of invisibility (worn)
Scrolls
 j - 2 scrolls of blinking
Potions
 f - a potion of heal wounds
 g - a potion of haste
 h - 2 potions of magic
 i - a potion of berserk rage


   Skills:
 + Level 8.4 Fighting
 + Level 5.1 Short Blades
 + Level 5.1 Long Blades
 + Level 6.9 Axes
 + Level 5.1 Maces & Flails
 + Level 5.1 Polearms
 + Level 5.1 Staves
 + Level 5.1 Slings
 + Level 5.1 Bows
 + Level 5.1 Crossbows
 + Level 5.1 Throwing
 + Level 8.4 Armour
 + Level 5.1 Dodging
 + Level 5.1 Stealth
 + Level 8.4 Shields
 + Level 5.1 Unarmed Combat
 + Level 5.1 Spellcasting
 + Level 4.2 Conjurations
 + Level 4.2 Hexes
 + Level 4.2 Summonings
 + Level 4.2 Necromancy
 + Level 4.2 Translocations
 + Level 4.2 Transmutations
 + Level 4.2 Fire Magic
 + Level 4.2 Ice Magic
 + Level 4.2 Air Magic
 + Level 4.2 Earth Magic
 + Level 4.2 Poison Magic
 + Level 5.6 Invocations
 + Level 5.1 Evocations


You had 16 spell levels left.
You didn't know any spells.
Your spell library was empty.

Dungeon Overview and Level Annotations

Branches:
Dungeon (1/1)

Altars:
Cheibriados
Dithmenos
Elyvilon
Fedhas
Gozag
Hepliaklqana
Kikubaaqudgha
Nemelex Xobeh
Okawaru
Qazlal
Ru
Sif Muna
Trog
Uskayaw
Vehumet
Wu Jian
Yredelemnul
Zin
The Shining One

Shops:
D [


Innate Abilities, Weirdness & Mutations

Your experience applies equally to all skills.
You have very sharp teeth.
Your uncanny sense of smell can sniff out nearby items.


Message History

You slash the centaur warrior! You block the centaur warrior's attack.
The centaur warrior hits you but does no damage.
The centaur warrior closely misses you. You block the centaur warrior's attack.
You hit the centaur warrior but do no damage.
You barely miss the centaur warrior. The centaur warrior hits you.
* * * LOW HITPOINT WARNING * * *
You block the centaur warrior's attack.
You slice the centaur warrior!! Your bite misses the centaur warrior.
The centaur warrior is moderately wounded.
You slash the centaur warrior! You block the centaur warrior's attack.
The centaur warrior hits you!
* * * LOW HITPOINT WARNING * * *
The centaur warrior closely misses you.
The centaur warrior hits you but does no damage.
You hit the centaur warrior.
You bite the centaur warrior, but do no damage.
The centaur warrior is heavily wounded.
You hit the centaur warrior. You block the centaur warrior's attack.
The centaur warrior closely misses you. The centaur warrior hits you!
You die...

#############
#..)..#..'..# ∆∆ ∆
').#..'÷.#..+ ∆∆
#####'#####'# ####
####..#...#)####§§#
#__####..##.#§≈§§c#∆∆
#_____##'#_.'§§§@§+
#_.∩...'..._#§≈§c§#∆∆
#_..__##_.#'##+####
#_____###+#.#∆∆∆∆ ∆
####### ### ∆ ∆ ∆ ∆
∆∆ ∆∆ ∆ ∆ ∆ ∆ ∆ ∆


You could see 2 centaur warriors.

Vanquished Creatures
  Sigmund (D)
  A yak (D)
  An ogre (D)
  A jelly (D)
  Ijyb (D)
5 creatures vanquished.

Notes
Turn   | Place    | Note
-------+----------+-------------------------------------------
     0 | D        | reriks the Gnoll Fighter began the quest for the Orb.
     0 | D        | Reached XP level 1. HP: 23/23 MP: 1/1
     1 | D        | Noticed Ijyb
     9 | D        | Killed Ijyb
     9 | D        | Reached skill level 1 in Short Blades
     9 | D        | Reached skill level 1 in Long Blades
     9 | D        | Reached skill level 1 in Maces & Flails
     9 | D        | Reached skill level 1 in Polearms
     9 | D        | Reached skill level 1 in Staves
     9 | D        | Reached skill level 1 in Slings
     9 | D        | Reached skill level 1 in Bows
     9 | D        | Reached skill level 1 in Crossbows
     9 | D        | Reached skill level 1 in Throwing
     9 | D        | Reached skill level 1 in Dodging
     9 | D        | Reached skill level 1 in Stealth
     9 | D        | Reached skill level 1 in Unarmed Combat
     9 | D        | Reached skill level 1 in Spellcasting
     9 | D        | Reached skill level 1 in Conjurations
     9 | D        | Reached skill level 1 in Hexes
     9 | D        | Reached skill level 1 in Summonings
     9 | D        | Reached skill level 1 in Necromancy
     9 | D        | Reached skill level 1 in Translocations
     9 | D        | Reached skill level 1 in Transmutations
     9 | D        | Reached skill level 1 in Fire Magic
     9 | D        | Reached skill level 1 in Ice Magic
     9 | D        | Reached skill level 1 in Air Magic
     9 | D        | Reached skill level 1 in Earth Magic
     9 | D        | Reached skill level 1 in Poison Magic
     9 | D        | Reached skill level 1 in Evocations
     9 | D        | Reached XP level 2. HP: 13/29 MP: 1/4
     9 | D        | Reached XP level 3. HP: 16/35 MP: 1/5
   134 | D        | Noticed an ogre
   139 | D        | Killed an ogre
   139 | D        | Reached skill level 5 in Axes
   139 | D        | Reached XP level 4. HP: 25/43 MP: 5/8
   363 | D        | Noticed Sigmund
   373 | D        | Killed Sigmund
   373 | D        | Reached XP level 5. HP: 7/49 MP: 8/11
   373 | D        | Reached XP level 6. HP: 8/56 MP: 8/12
   651 | D        | Found an ornate altar of the Wu Jian Council.
   651 | D        | Found a shimmering blue altar of Sif Muna.
   653 | D        | Found a radiant altar of Vehumet.
   760 | D        | Found Likhlua's Antique Armour Emporium.
   760 | D        | Found an ancient bone altar of Kikubaaqudgha.
   760 | D        | Found a hazy altar of Hepliaklqana.
   760 | D        | Found a hide-covered altar of Uskayaw.
   760 | D        | Found a basalt altar of Yredelemnul.
   760 | D        | Found an opulent altar of Gozag.
   760 | D        | Found a snail-covered altar of Cheibriados.
   760 | D        | Found a sacrificial altar of Ru.
   760 | D        | Found a shadowy altar of Dithmenos.
   760 | D        | Noticed a yak
   761 | D        | Found a stormy altar of Qazlal.
   761 | D        | Found a blossoming altar of Fedhas.
   761 | D        | Found a bloodstained altar of Trog.
   761 | D        | Found an iron altar of Okawaru.
   761 | D        | Found a glowing golden altar of the Shining One.
   761 | D        | Found a glowing silver altar of Zin.
   761 | D        | Found a white marble altar of Elyvilon.
   768 | D        | Killed a yak
   768 | D        | Reached skill level 5 in Short Blades
   768 | D        | Reached skill level 5 in Long Blades
   768 | D        | Reached skill level 5 in Maces & Flails
   768 | D        | Reached skill level 5 in Polearms
   768 | D        | Reached skill level 5 in Staves
   768 | D        | Reached skill level 5 in Slings
   768 | D        | Reached skill level 5 in Bows
   768 | D        | Reached skill level 5 in Crossbows
   768 | D        | Reached skill level 5 in Throwing
   768 | D        | Reached skill level 5 in Dodging
   768 | D        | Reached skill level 5 in Stealth
   768 | D        | Reached skill level 5 in Unarmed Combat
   768 | D        | Reached skill level 5 in Spellcasting
   768 | D        | Reached skill level 5 in Invocations
   768 | D        | Reached skill level 5 in Evocations
   768 | D        | Reached XP level 7. HP: 56/63 MP: 12/14
   769 | D        | Found a sparkling altar of Nemelex Xobeh.
   773 | D        | Bought a glowing scarf for 184 gold pieces
   812 | D        | Noticed a centaur warrior
   822 | D        | Noticed a centaur warrior
   830 | D        | HP: 3/63 [centaur warrior (10)]
   831 | D        | Mangled by a centaur warrior

Illustrated notes

Levels and vault maps discovered:
D:        dungeon_sprint_1 [red_sonja_temple_1, red_sonja_temple_small_1]

Skill      XL: |  1  2  3  4  5  6 |
---------------+-------------------+-----
Short Blades   | 1 3 4 5 |  5.1
Long Blades    | 1 3 4 5 |  5.1
Maces & Flails | 1 3 4 5 |  5.1
Polearms       | 1 3 4 5 |  5.1
Staves         | 1 3 4 5 |  5.1
Slings         | 1 3 4 5 |  5.1
Bows           | 1 3 4 5 |  5.1
Crossbows      | 1 3 4 5 |  5.1
Throwing       | 1 3 4 5 |  5.1
Dodging        | 1 3 4 5 |  5.1
Stealth        | 1 3 4 5 |  5.1
Unarmed Combat | 1 3 4 5 |  5.1
Spellcasting   | 1 3 4 5 |  5.1
Conjurations   | 1 2 3 4 |  4.2
Hexes          | 1 2 3 4 |  4.2
Summonings     | 1 2 3 4 |  4.2
Necromancy     | 1 2 3 4 |  4.2
Translocations | 1 2 3 4 |  4.2
Transmutations | 1 2 3 4 |  4.2
Fire Magic     | 1 2 3 4 |  4.2
Ice Magic      | 1 2 3 4 |  4.2
Air Magic      | 1 2 3 4 |  4.2
Earth Magic    | 1 2 3 4 |  4.2
Poison Magic   | 1 2 3 4 |  4.2
Invocations    | 2 3 4 5 |  5.6
Evocations     | 1 3 4 5 |  5.1
Fighting       | 7 8 |  8.4
Axes           | 5 6 |  6.9
Armour         | 7 8 |  8.4
Shields        | 7 8 |  8.4

Action                   |  1- 3 |  4- 6 |  7- 9 || total
-------------------------+-------+-------+-------++-------
Melee: War axe           |    11 |    18 |     5 ||    34
       Bite              |     2 |     4 |     1 ||     7
 Abil: Evoke Invisibilit |       |       |     1 ||     1
  Use: Potion            |     1 |     1 |       ||     2
 Stab: Sleeping          |       |     1 |       ||     1
Armor: Scale mail        |     4 |     1 |     2 ||     7
Dodge: Dodged            |     3 |     1 |     5 ||     9
Block: Kite shield       |     3 |    12 |     8 ||    23

Table legend: (Time is in decaauts)
 A = Elapsed time spent in this place.
 B = Non-inter-level travel time spent in this place.
 C = Inter-level travel time spent in this place.
 D = Time resting spent in this place.
 E = Time spent auto-exploring this place.
 F = Levels seen in this place.
 G = Mean time per level.
                   A        B        C        D        E       F      G
               +--------+--------+--------+--------+--------+-----+--------+
         Total |    842 |    842 |      0 |    692 |      0 |   1 |  842.0 |
       Dungeon |    842 |    842 |      0 |    692 |      0 |   1 |  842.0 |
               +--------+--------+--------+--------+--------+-----+--------+

Top non-repeatable levels by time:
       D: 842 daAuts
